 Dungeon Crawl Stone Soup version 0.26-a0-667-g92642533e4 (webtiles) character file.

Game seed: 4627251269846321747

443 Kinoniko the Spear-Bearer (level 7, -24/50 HPs)
             Began as a Merfolk Gladiator on Oct 16, 2020.
             Blown up by Ijyb (31 damage)
             ... with a disintegration bolt
             ... on level 4 of the Dungeon.
             The game lasted 00:05:25 (4434 turns).

Kinoniko the Spear-Bearer (Merfolk Gladiator)       Turns: 4434, Time: 00:05:25

Health: -24/50     AC:  8    Str: 15    XL:     7   Next: 2%
Magic:  7/7        EV: 11    Int:  8    God:
Gold:   257        SH:  5    Dex: 18    Spells: 6/6 levels left

rFire    . . .     SeeInvis .   a - +0 trident
rCold    . . .     Faith    .   (no shield)
rNeg     . . .     Spirit   .   p - +0 scale mail
rPois    .         Reflect  +   c - +0 helmet
rElec    .         Harm     .   n - +0 cloak
rCorr    .         Rampage  .   (no gloves)
MR       .....                  (no boots)
Stlth    ..........             h - amulet of reflection
HPRegen  0.16/turn              m - ring of wizardry
MPRegen  0.10/turn              (no ring)

@: no status effects
A: change form in water, swift swim, stealthy swim, agile 1, mutation resistance
1
a: no special abilities


You were on level 4 of the Dungeon.
You visited 1 branch of the dungeon, and saw 4 of its levels.

You collected 257 gold pieces.

Inventory:

Hand Weapons
 a - a +0 trident (weapon)
Missiles
 d - 3 throwing nets (quivered)
Armour
 b - a +0 leather armour
 c - a +0 helmet (worn)
 n - a +0 cloak (worn)
 p - a +0 scale mail (worn)
Jewellery
 h - an amulet of reflection (around neck)
 m - a ring of wizardry (left hand)
 o - a +4 ring of protection {unknown}
Scrolls
 f - 2 scrolls of teleportation {unknown}
 i - 4 scrolls of remove curse
 j - 2 scrolls of identify {unknown}
 l - a scroll of magic mapping {unknown}
Potions
 e - 2 potions of curing
 k - 2 potions of brilliance


   Skills:
 - Level 2.1 Fighting
 * Level 10.6 Polearms
 - Level 2.0 Throwing
 - Level 0.8 Armour
 - Level 4.0 Dodging
 - Level 0.2 Stealth


You had 6 spell levels left.
You didn't know any spells.
Your spell library was empty.

Dungeon Overview and Level Annotations

Branches:
Dungeon (4/15)
 Temple: D:4-7

Altars:
Dithmenos
Nemelex Xobeh
Qazlal
Xom

Annotations:
D:4 Ijyb


Innate Abilities, Weirdness & Mutations

You revert to your normal form in water.
You are very nimble and swift while swimming.
You are very stealthy in the water. (Stealth+)
You are agile. (Dex +2)
You are somewhat resistant to further mutation.


Message History

You are too injured to fight recklessly!
Unknown command.
You hit Ijyb but do no damage.
Ijyb is moderately wounded.
Ijyb zaps a wand.
You are blasted!
* * * LOW HITPOINT WARNING * * *
You hit Ijyb but do no damage.
Ijyb is moderately wounded.
Unknown command.
You hit Ijyb but do no damage.
Ijyb is moderately wounded.
Ijyb misses you.
You hit Ijyb.
Ijyb is heavily wounded.
Ijyb zaps a wand.
You struggle to resist.
You completely miss Ijyb.
Ijyb is heavily wounded.
Ijyb zaps a wand.
You are blasted!
Ouch! That really hurt!
You die...

####### .....#
###### #....# ##
...... #....# #.
......# #....# #.
#...... #....# #.
..... #....# #.
#.g###....##########
#..@........##.....#
#.###.......##.....#
.. .
#.......##...... #.#
..#.###...#####.##
..
#......#.#######...
#
#.###..#...........
#
.....#..............
#.#
#..#.........#..##
...
#............#....


You could see Ijyb.

Vanquished Creatures
  Edmund (D:4)
  A phantom (D:4)
  A hound (D:4)
  A jelly (D:2)
  A worker ant (D:4)
  Robin (D:2)
  3 gnolls (D:3)
  An adder (D:4)
  An ooze (D:3)
  A worm (D:4)
  2 dart slugs
  2 leopard geckos
  3 orcs
  5 bats
  5 giant cockroaches
  22 goblins
  10 hobgoblins
  10 jackals
  2 quokkas
  4 frilled lizards
  7 kobolds
  6 rats
90 creatures vanquished.

Notes
Turn   | Place    | Note
-------+----------+-------------------------------------------
     0 | D:1      | Kinoniko the Merfolk Gladiator began the quest for the Orb.
     0 | D:1      | Reached XP level 1. HP: 16/16 MP: 1/1
   128 | D:1      | Reached skill level 5 in Polearms
   163 | D:1      | Reached XP level 2. HP: 22/22 MP: 2/2
   905 | D:2      | Reached skill level 6 in Polearms
   905 | D:2      | Reached XP level 3. HP: 23/27 MP: 3/3
   967 | D:2      | Found a stormy altar of Qazlal.
  1365 | D:2      | Reached skill level 7 in Polearms
  1365 | D:2      | Reached XP level 4. HP: 20/33 MP: 4/4
  1829 | D:2      | Gained mutation: You are somewhat resistant to further
                  | mutation. [potion of mutation]
  1829 | D:2      | Gained mutation: You are agile. (Dex +2) [potion of
                  | mutation]
  1860 | D:3      | Noticed Robin
  1989 | D:2      | Killed Robin
  2404 | D:3      | Reached XP level 5. HP: 38/38 MP: 5/5
  2573 | D:3      | Reached skill level 8 in Polearms
  2796 | D:3      | Found a sparkling altar of Nemelex Xobeh.
  3103 | D:4      | Found a shimmering altar of Xom.
  3133 | D:4      | Found a shimmering altar of Xom.
  3133 | D:4      | Found a shimmering altar of Xom.
  3779 | D:4      | Reached skill level 9 in Polearms
  3785 | D:4      | Reached XP level 6. HP: 36/44 MP: 6/6
  4019 | D:4      | Noticed Edmund
  4044 | D:4      | Killed Edmund
  4044 | D:4      | Reached skill level 10 in Polearms
  4276 | D:4      | Found a shadowy altar of Dithmenos.
  4276 | D:4      | Noticed a phantom
  4337 | D:4      | Killed a phantom
  4337 | D:4      | Reached XP level 7. HP: 50/50 MP: 7/7
  4420 | D:4      | Noticed Ijyb
  4434 | D:4      | Blown up by Ijyb

Illustrated notes

Levels and vault maps discovered:
D:1:      sevenhm_arrival_forest_fort_large_4, layout_rooms, st_stairs_11,
          roderic_serpentine_path, patterned_corridor
D:2:      layout_loops_cross, nicolae_overflow_crystal_walls
D:3:      layout_loops_ring, nemelex_dance_club_becter, uniq_robin
D:4:      layout_basic, minitemple, grunt_dithmenos_shadows,
          hangedman_decor_points, xom_redecorated, uniq_grinder, uniq_ijyb,
          uniq_edmund

Skill      XL: |  1  2  3  4  5  6 |
---------------+-------------------+-----
Polearms       | 5 6 7 9 10 | 10.6
Fighting       | |  2.1
Throwing       | |  2.0
Armour         | |  0.8
Dodging        | |  4.0
Stealth        | |  0.2

Action                   |  1- 3 |  4- 6 |  7- 9 || total
-------------------------+-------+-------+-------++-------
Melee: Trident           |   122 |   215 |    14 ||   351
  Use: Scroll            |     3 |     1 |       ||     4
       Potion            |       |     6 |       ||     6
 Stab: Sleeping          |     1 |     2 |       ||     3
Armor: Leather armour    |    23 |    18 |       ||    41
       Skin              |       |    14 |       ||    14
       Scale mail        |       |       |     1 ||     1
Dodge: Dodged            |    77 |    79 |     1 ||   157
Block: Other             |       |    34 |     1 ||    35
       Reflection        |       |     3 |       ||     3

Table legend: (Time is in decaauts)
 A = Elapsed time spent in this place.
 B = Non-inter-level travel time spent in this place.
 C = Inter-level travel time spent in this place.
 D = Time resting spent in this place.
 E = Time spent auto-exploring this place.
 F = Levels seen in this place.
 G = Mean time per level.
                   A        B        C        D        E       F      G
               +--------+--------+--------+--------+--------+-----+--------+
         Total |   4407 |   4317 |     90 |   1358 |   2346 |   4 | 1101.8 |
       Dungeon |   4407 |   4317 |     90 |   1358 |   2346 |   4 | 1101.8 |
               +--------+--------+--------+--------+--------+-----+--------+

Top non-repeatable levels by time:
     D:4: 1335 daAuts
     D:2: 1315 daAuts
     D:3: 908 daAuts
     D:1: 847 daAuts
